 Dungeon Crawl Stone Soup version 0.30-a0-782-ge64f9170bb (webtiles) character file.

Game seed: 16796487723289510234

416 tilp the Slasher (level 7, -2/60 HPs)
             Began as a Meteoran Fighter on Mar 13, 2023.
             Slain by Edmund
             ... wielding a +2 flail of protection
              (9 damage)
             ... on level 4 of the Dungeon.
             The game lasted 00:04:16 (805 turns).

tilp the Slasher (Meteoran Fighter)                  Turns: 805, Time: 00:04:17

Health: -2/60      AC: 11    Str: 18    XL:     7   Next: 38%
Magic:  8/8        EV:  7    Int: 10    God:
Gold:   86         SH:  5    Dex: 15    Spells: 6/6 levels left

rFire   . . .      SeeInvis .    a - +0 long sword (freeze)
rCold   . . .      Faith    .    c - +0 buckler
rNeg    . . .      Spirit   .    j - +0 chain mail
rPois   .          Reflect  .    i - +0 helmet
rElec   .          Harm     .    (no cloak)
rCorr   .          Rampage  .    (no gloves)
Will    .....                    b - +0 pair of boots Stlth
                                 (no amulet)
HPRegen 0.30/turn                (no ring)
MPRegen 0.11/turn                (no ring)

@: glowing
A: sense surroundings 1, otherworldly, glowing, explore regen
a: no special abilities


You were on level 4 of the Dungeon.
You visited 1 branch of the dungeon, and saw 5 of its levels.

You collected 86 gold pieces.

Inventory:

Hand Weapons
 a - a +0 long sword of freezing (weapon)
Missiles
 f - 6 stones (quivered)
Armour
 b - a +0 pair of boots (worn)
 c - a +0 buckler (worn)
 i - a +0 helmet (worn)
 j - a +0 chain mail (worn)
Scrolls
 e - a scroll of identify


   Skills:
 * Level 4.6 Fighting
 * Level 6.6 Long Blades
 + Level 1.4 Throwing
 - Level 4.0 Armour
 + Level 2.6 Dodging
 - Level 4.0 Shields


You had 6 spell levels left.
You didn't know any spells.
Your spell library was empty.

Dungeon Overview and Level Annotations

Branches:
Dungeon (5/15) Zot: 2165
 Temple: D:4-7

Altars:
Zin

Annotations:
D:4 Edmund


Innate Abilities, Weirdness & Mutations

You passively map a small area around you.
You are easily found by Zot.
You glow in the dark.
You regain HP and MP as you explore.


Message History

You throw a stone.
The stone hits Edmund but does no damage.
Edmund is moderately wounded.
Edmund says, "People accused me of being a cutpurse!"
Edmund hits you with a +2 flail of protection!
* * * LOW HITPOINT WARNING * * *
Throw: 3 darts (poison)
Press: ? - help, Shift-Dir - straight line, f/p - Edmund
Aim: Edmund, wielding a +2 flail of protection, wearing a +0 chain mail and carrying a wand of digging (5) (moderately wounded, 68% to hit)
You throw a poisoned dart.
The poisoned dart completely misses Edmund.
Edmund hits you but does no damage.
Unknown command.
Throw: 2 darts (poison)
Press: ? - help, Shift-Dir - straight line, f/p - Edmund
Aim: Edmund, wielding a +2 flail of protection, wearing a +0 chain mail and carrying a wand of digging (5) (moderately wounded, 68% to hit)
You throw a poisoned dart. The poisoned dart hits Edmund.
Edmund is poisoned.
Edmund is moderately wounded.
Edmund hits you but does no damage.
Unknown command.
Throw: dart (poison)
Press: ? - help, Shift-Dir - straight line, f/p - Edmund
Aim: Edmund, wielding a +2 flail of protection, wearing a +0 chain mail and carrying a wand of digging (5) (moderately wounded, poisoned, 68% to hit)
You throw a poisoned dart. The poisoned dart hits Edmund.
Edmund looks even sicker.
Edmund is moderately wounded.
Edmund says, "A flail is better than a scythe, any day of the week!"
You block Edmund's attack.
Unknown command.
Unknown command.
Unknown command.
Okay, then.
You barely miss Edmund.
Edmund is moderately wounded.
Edmund hits you with a +2 flail of protection.
* * * LOW HITPOINT WARNING * * *
You hit Edmund. You freeze Edmund.
Edmund is heavily wounded.
Edmund hits you with a +2 flail of protection!
You die...

* , , * ### ,..####. * *
...(... **......#
##......#* ###.@......
##..@>.$....
#############...##......
..............###* .....
..............## * ,....
* ...............# * ,
... ...............# ,
.. ..........)....# ** .
..............##
..............#


You could see Edmund (very poisoned).

Vanquished Creatures
  Eustachio (D:4)
  An ogre (D:4)
  A centaur (D:4)
  2 iguanas (D:4)
  2 adders (D:4)
  An ufetubus (D:4)
  An orc (D:4)
  A ball python (D:3)
  4 endoplasms
  2 goblins
  4 hobgoblins
  A quokka (D:4)
  A bat (D:1)
  A frilled lizard (D:2)
  5 kobolds
  A rat (D:3)
29 creatures vanquished.

Notes
Turn   | Place    | Note
-------+----------+-------------------------------------------
     0 | D:1      | tilp the Meteoran Fighter began the quest for the Orb.
     0 | D:1      | Reached XP level 1. HP: 19/19 MP: 2/2
    56 | D:1      | Reached XP level 2. HP: 25/26 MP: 3/3
   136 | D:2      | Reached skill level 3 in Long Blades
   323 | D:4      | Found a glowing silver altar of Zin.
   354 | D:4      | Reached skill level 1 in Dodging
   385 | D:4      | Reached XP level 3. HP: 31/31 MP: 4/4
   501 | D:4      | Noticed Eustachio
   525 | D:4      | Killed Eustachio
   526 | D:4      | Reached skill level 6 in Long Blades
   526 | D:4      | Reached XP level 4. HP: 27/40 MP: 5/5
   526 | D:4      | Reached XP level 5. HP: 31/46 MP: 6/6
   526 | D:4      | Reached XP level 6. HP: 35/52 MP: 7/7
   606 | D:5      | Entered Level 5 of the Dungeon
   752 | D:4      | Noticed an ogre
   762 | D:4      | Killed an ogre
   763 | D:4      | Reached skill level 1 in Throwing
   763 | D:4      | Reached XP level 7. HP: 60/60 MP: 8/8
   769 | D:4      | Noticed Edmund
   805 | D:4      | Slain by Edmund

Illustrated notes

Levels and vault maps discovered:
D:1:      scummos_arrival_forest, layout_basic, serial_forest,
          infiniplex_forest_corner_1, infiniplex_forest_end_1,
          infiniplex_forest_lined_3_way, infiniplex_forest_end_2,
          infiniplex_forest_corner_1, infiniplex_forest_corner_1,
          infiniplex_forest_lined_2, infiniplex_forest_end_1,
          infiniplex_forest_end_3, serial_bayou_pond_b
D:2:      layout_loops_ring, serial_shops, shop, uniq_natasha
D:3:      layout_loops_cross
D:4:      layout_cave_pods, mainiacjoe_overflow_24_doors,
          uniq_crazy_yiuf_cottage, uniq_edmund, uniq_eustachio
D:5:      layout_cave_pools

Skill      XL: |  1  2  3  4  5  6  7 |
---------------+----------------------+-----
Long Blades    | 3 6 |  6.6
Dodging        | 1 2 |  2.6
Fighting       | 4 |  4.6
Throwing       | 1 |  1.4
Armour         | 4 |  4.0
Shields        | 4 |  4.0

Action                     |  1- 3 |  4- 6 |  7- 9 || total
---------------------------+-------+-------+-------++-------
  Melee: Long sword        |    78 |    20 |    30 ||   128
  Throw: Dart              |       |       |     3 ||     3
         Stone             |       |       |     1 ||     1
    Use: Scroll            |     3 |     2 |       ||     5
         Potion            |     1 |       |     1 ||     2
 Armour: Scale mail        |    23 |       |       ||    23
         Chain mail        |    35 |     7 |    14 ||    56
  Dodge: Dodged            |    40 |     4 |     7 ||    51
  Block: Buckler           |    24 |     2 |    15 ||    41

Table legend: (Time is in decaauts)
 A = Elapsed time spent in this place.
 B = Non-inter-level travel time spent in this place.
 C = Inter-level travel time spent in this place.
 D = Time resting spent in this place.
 E = Time spent auto-exploring this place.
 F = Levels seen in this place.
 G = Mean time per level.
                   A        B        C        D        E       F      G
               +--------+--------+--------+--------+--------+-----+--------+
         Total |    833 |    710 |    123 |    100 |      0 |   5 |  166.6 |
       Dungeon |    833 |    710 |    123 |    100 |      0 |   5 |  166.6 |
               +--------+--------+--------+--------+--------+-----+--------+

Top non-repeatable levels by time:
     D:4: 517 daAuts
     D:3: 155 daAuts
     D:1: 125 daAuts
     D:2: 33 daAuts
     D:5: 1 daAuts
